 Dungeon Crawl Stone Soup version 0.21.1-1-g345015f (webtiles) character file.

47 shakethe the Cudgeler (level 3, -5/27 HPs)
             Began as a Demonspawn Gladiator on Feb 16, 2018.
             Splashed by a jelly's acid (7 damage)
             ... on level 2 of the Dungeon.
             The game lasted 00:02:12 (1789 turns).

shakethe the Cudgeler (Demonspawn Gladiator)        Turns: 1789, Time: 00:02:13

Health: -5/27      AC:  9    Str: 15    XL:     3   Next: 48%
Magic:  3/3        EV:  5    Int:  9    God:
Gold:   33         SH:  0    Dex: 14    Spells: 2/2 levels left

rFire    . . .     SeeInvis .   a - +0 flail
rCold    . . .     Gourm    .   (no shield)
rNeg     . . .     Faith    .   n - +0 plate armour (curse)
rPois    .         Spirit   .   c - +0 helmet
rElec    .         Reflect  .   (no cloak)
rCorr    .         Harm     .   k - +0 pair of gloves
MR       .....                  e - +0 pair of boots
Stlth    ..........             (no amulet)
HPRegen  0.09/turn              (no ring)
MPRegen  0.08/turn              (no ring)

@: corroded
A: claws 1
a: no special abilities


You were on level 2 of the Dungeon.
You were not hungry.

You visited 1 branch of the dungeon, and saw 2 of its levels.

You collected 33 gold pieces.

Inventory:

Hand Weapons
 a - a +0 flail (weapon)
Missiles
 d - 3 throwing nets {=f, !d}
Armour
 b - a +0 leather armour
 c - a +0 helmet (worn)
 e - a +0 pair of boots (worn)
   (You found it on level 1 of the Dungeon)
 k - a +0 pair of gloves (worn)
   (You found it on level 1 of the Dungeon)
 n - a cursed +0 plate armour (worn)
   (You found it on level 1 of the Dungeon)
Jewellery
 p - an uncursed amulet of the gourmand {unknown}
   (You found it on level 2 of the Dungeon)
Wands
 o - a wand of paralysis (3)
   (You found it on level 2 of the Dungeon)
Scrolls
 g - a scroll of random uselessness {unknown}
 h - 2 scrolls of identify {unknown}
 i - a scroll of fog {unknown}
 j - 4 scrolls of teleportation {unknown}
Potions
 l - a potion of haste {unknown}
 m - 2 potions of might {unknown}
 q - a potion of flight {unknown}
Comestibles
 f - 4 rations


   Skills:
 - Level 2.1 Fighting
 * Level 3.5 Maces & Flails
 - Level 1.9 Throwing
 + Level 0.4 Armour
 + Level 3.1 Dodging


You had 2 spell levels left.
You didn't know any spells.

Dungeon Overview and Level Annotations

Branches:
Dungeon (2/15)

Altars:
Elyvilon


Innate Abilities, Weirdness & Mutations

You have sharp fingernails.


Message History

You hit the kobold. The kobold hits you but does no damage.
You hit the kobold.
You kill the kobold!
No target in view!
No target in view!
You take 3 damage, and have 24/27 hp.
No target in view!
No target in view!
No target in view!
No target in view!
No target in view!
No target in view!
No target in view!
No target in view!
No target in view!
No target in view!
No target in view!
You see here a whip.
You open the door.
An ooze and a jelly come into view.
The jelly quivers.
The ooze quivers.
An ooze comes into view. 7 oozes and a jelly come into view.
The ooze quivers. x6; The jelly quivers.
The ooze hits the fungus. x2
There is an open door here.
The ooze hits you but does no damage.
The ooze hits the fungus. x2
Something hits the fungus but does no damage.
The jelly hits you but does no damage.
You hit the jelly but do no damage. The acid corrodes you!
Your hands burn!
The ooze hits you but does no damage.
Something hits the fungus.
The ooze hits the fungus.
The jelly barely misses you. The ooze hits you but does no damage.
Something hits the fungus.
The jelly barely misses you. The ooze hits you.
You take 6 damage, and have 19/27 hp.
MASSIVE DAMAGE!!
You sock the ooze!
The ooze hits the fungus.
The ooze hits you but does no damage.
The ooze hits the fungus.
The jelly closely misses you. The ooze completely misses you.
The jelly hits the fungus.
The fungus is splashed with acid.
The acid corrodes the fungus!
You hit the ooze but do no damage. The ooze closely misses you.
The ooze hits the fungus but does no damage. x2
The jelly hits you but does no damage. The ooze hits you but does no damage.
The jelly hits the fungus.
The fungus is splashed with acid.
The acid corrodes the fungus!
You thump the ooze!
You kill the ooze!
The ooze hits the fungus.
The ooze hits you but does no damage.
The ooze hits the fungus.
The jelly hits you but does no damage.
You hit the ooze but do no damage. The ooze barely misses you.
The ooze hits you but does no damage.
The ooze hits the fungus.
The ooze hits the fungus but does no damage.
The ooze jiggles.
The ooze hits the fungus.
The jelly barely misses you.
The ooze hits the fungus.
The ooze hits you but does no damage. x2
The ooze completely misses the fungus.
The ooze hits the fungus.
You hit the ooze. The jelly hits you but does no damage.
The ooze hits the fungus but does no damage.
The ooze hits the fungus.
The ooze hits you but does no damage.
The ooze hits the fungus.
The ooze hits you.
The ooze hits the fungus. x2
The jelly hits you but does no damage.
You take 4 damage, and have 15/27 hp.
You hit the ooze but do no damage. The ooze hits you.
The ooze hits the fungus.
The ooze hits you.
The ooze hits the fungus. x2
The ooze hits the fungus but does no damage.
The jelly hits you but does no damage.
You take 4 damage, and have 11/27 hp.
You hit the ooze. The ooze completely misses you.
The ooze hits the fungus. x2
The ooze hits you but does no damage.
The ooze hits the fungus.
The ooze hits the fungus but does no damage.
The jelly hits you.
You are splashed with acid!
The acid burns!
* * * LOW HITPOINT WARNING * * *
You take 8 damage, and have 3/27 hp.
MASSIVE DAMAGE!!
You sock the ooze!
You kill the ooze!
The ooze hits you but does no damage.
The ooze hits the fungus. x3
The jelly hits you but does no damage. The ooze hits you but does no damage.
The ooze hits the fungus. x2
You hit the ooze. The jelly barely misses you. The ooze barely misses you.
The jelly hits the fungus.
The fungus is splashed with acid.
The ooze hits you but does no damage.
The ooze hits the fungus. x2
The jelly hits you but does no damage. The ooze hits you but does no damage.
The jelly hits the fungus.
The fungus is splashed with acid.
The acid corrodes the fungus!
The fungus is destroyed!
Your plate armour prevents you from hitting the ooze.
The ooze hits the fungus.
The ooze hits you but does no damage.
The ooze hits the fungus.
The ooze hits you but does no damage. The jelly hits you but does no damage.
You hit the ooze.
The ooze hits the fungus.
The ooze hits you but does no damage. x2; The ooze closely misses you.
The jelly closely misses you.
You hit the ooze.
You kill the ooze!
The ooze completely misses you. The ooze hits you but does no damage.
The jelly hits you.
* * * LOW HITPOINT WARNING * * *
You are splashed with acid!
The acid burns!
You die...

#..#...........#..#
#...###...........#.#
#... #...........#.##
#..#. #.........#(#(.#
. #...##
#.#......##)...## #.
..<.
....#########...###.
###. #### #....##...#.
######## #######...#.
#÷..JJ@############..#.
#...JJJ'##..(...###..#.
#....JJ#)#.......##....
#..PPPJ#.#.....[..'....
#......#(#........'....
#......#(#'#......'(##.
#÷..÷..#(#.#.....##.##.
#..PPP.#(#.#....#######
#?..J..##(####### #


You could see 2 jellies and 6 oozes.

Vanquished Creatures
  3 oozes (D:2)
  2 giant cockroaches (D:1)
  A goblin (D:1)
  4 hobgoblins (D:1)
  7 jackals (D:1)
  2 bats (D:1)
  2 frilled lizards (D:1)
  9 kobolds
  2 rats
32 creatures vanquished.

Vanquished Creatures (others)
  A fungus (D:2)
  7 toadstools (D:2)
8 creatures vanquished.

Grand Total: 40 creatures vanquished

Notes
Turn   | Place    | Note
-------+----------+-------------------------------------------
     0 | D:1      | shakethe the Demonspawn Gladiator began the quest for the Orb.
     0 | D:1      | Reached XP level 1. HP: 16/16 MP: 1/1
    76 | D:1      | HP: 4/16 [jackal (2)]
    76 | D:1      | HP: 1/16 [jackal (3)]
   463 | D:1      | Gained mutation: You have sharp fingernails. [demonic ancestry]
   463 | D:1      | Reached XP level 2. HP: 22/22 MP: 2/2
   576 | D:1      | Reached skill level 3 in Maces & Flails
   761 | D:1      | Reached skill level 3 in Dodging
   818 | D:1      | HP: 5/22 [hobgoblin (4)]
  1467 | D:2      | Found a white marble altar of Elyvilon.
  1580 | D:2      | Reached XP level 3. HP: 12/27 MP: 3/3
  1784 | D:2      | HP: 3/27 [acid (8)]
  1789 | D:2      | HP: 2/27 [jelly (1)]
  1789 | D:2      | Splashed by a jelly's acid

Skill      XL: |  1  2 |
---------------+-------+-----
Maces & Flails | 3 |  3.5
Dodging        | 3 |  3.1
Fighting       | |  2.1
Throwing       | |  1.9
Armour         | |  0.4

Action                   || total
-------------------------++-------
Melee: Flail             ||   122
  Eat: Ration            ||     1
Armor: Leather armour    ||    29
       Plate armour      ||    67
Dodge: Dodged            ||   118

Vault maps used:
D:1:      lemuel_arrival_river_ford, minmay_misc_feat_columns
D:2:      cheibrodos_fertilizer, elyvilon_altar_4, first_ration, uniq_robin,
          uniq_terence

Table legend:
 A = Turns spent in this place as a percentage of turns spent in the entire game.
 B = Non-inter-level travel turns spent in this place as a percentage of non-inter-level travel turns spent in the entire game.
 C = Inter-level travel turns spent in this place as a percentage of turns spent in this place.
 D = Turns resting spent in this place as a percentage of non-inter-level travel turns spent in this place.
 E = Turns spent auto-exploring this place as a percentage of non-inter-level travel turns spent in this place.
 F = Non-inter-level travel turns spent in this place divided by the number of levels of this place that you've seen.
                   A       B       C       D       E      F
               +-------+-------+-------+-------+-------+----------------------
         Total | 100.0 | 100.0 |   0.0 |  36.3 |  44.6 | 894.5
       Dungeon | 100.0 | 100.0 |   0.0 |  36.3 |  44.6 | 894.5
               +-------+-------+-------+-------+-------+----------------------

Table legend:
 A = Kills in this place as a percentage of kills in entire the game.
 B = Kills by you in this place as a percentage of kills by you in the entire game.
 C = Kills by friends in this place as a percentage of kills by friends in the entire game.
 D = Other kills in this place as a percentage of other kills in the entire game.
 E = Experience gained in this place as a percentage of experience gained in the entire game.
 F = Experience gained in this place divided by the number of levels of this place that you have seen.
                   A       B       C       D       E      F
               +-------+-------+-------+-------+-------+----------------------
         Total | 100.0 | 100.0 |   N/A |   N/A | 100.0 |  34.0
       Dungeon | 100.0 | 100.0 |   N/A |   N/A | 100.0 |  34.0
               +-------+-------+-------+-------+-------+----------------------
